 Dungeon Crawl Stone Soup version 0.20.1-1-g8b1a95d (webtiles) character file.

32098 Mitsuki the Fighter (level 13, -1/119 HPs)
             Began as a Hill Orc Fighter on Oct 6, 2017.
             Was a High Priest of Okawaru.
             Succumbed to a killer bee's poison
             ... on level 3 of the Lair of Beasts.
             The game lasted 00:51:21 (26422 turns).

Mitsuki the Fighter (Hill Orc Fighter)             Turns: 26422, Time: 00:51:21

Health: -1/119     AC: 25    Str: 22    XL:     13   Next: 62%
Magic:  20/20      EV:  7    Int:  8    God:    Okawaru [*****.]
Gold:   1079       SH: 12    Dex: 10    Spells: 12/12 levels left

rFire    + . .     SeeInvis .   l - +1 trident (elec)
rCold    . . .     Gourm    .   c - +0 shield
rNeg     . . .     Faith    .   w - +4 chain mail {rF+}
rPois    .         Spirit   .   q - +0 helmet
rElec    .         Reflect  .   v - scarf {repulsion}
rCorr    .         Harm     .   J - +0 pair of gloves
MR       +....     Rnd*Rage +   z - +0 pair of boots
Stlth    ..........             (no amulet)
Regen    0.3/turn               h - +3 ring of protection
MPRegen  0.2/turn               N - ring of protection from magic

@: lethally poisoned (-1 -> -16), studying Ice Magic, repel missiles
A: hooves 1, slimy green scales 1, berserk 1, blurry vision 1, weak 1
a: Heroism, Finesse, Renounce Religion


You were on level 3 of the Lair of Beasts.
You worshipped Okawaru.
Okawaru was extremely pleased with you.
You were hungry.

You visited 3 branches of the dungeon, and saw 15 of its levels.
You also visited: Ice Cave and Volcano.

You collected 1079 gold pieces.

Inventory:

Hand Weapons
 e - a +2 dire flail of draining
 l - a +1 trident of electrocution (weapon)
Armour
 c - a +0 shield (worn)
 q - a +0 helmet (worn)
 v - a scarf of repulsion (worn)
 w - a +4 chain mail of fire resistance (worn)
 z - a +0 pair of boots (worn)
 J - a +0 pair of gloves (worn)
Magical Staves
 F - an uncursed staff of cold {unknown}
Jewellery
 a - an uncursed ring of see invisible {unknown}
 g - an uncursed amulet of faith {unknown}
 h - a +3 ring of protection (left hand)
 m - an uncursed ring of protection from cold {unknown}
 n - an uncursed ring of positive energy
 I - an uncursed ring of fire {unknown}
 N - a ring of protection from magic (right hand)
Wands
 j - a wand of iceblast (9/15)
 o - a wand of iceblast (9/15)
 r - a wand of iceblast (11/15)
 y - a wand of iceblast (4/15)
 D - a wand of acid (8/15)
 E - a wand of disintegration (6/24)
Scrolls
 u - 9 scrolls of identify
 B - a scroll of magic mapping
 O - 2 scrolls of holy word
Potions
 d - a potion of haste
 i - 10 potions of curing
 k - 3 potions of berserk rage
 t - 4 potions of resistance
 x - a potion of mutation {unknown}
 P - a potion of ambrosia
 S - a potion of cancellation
 T - a potion of magic
Books
 A - a manual of Ice Magic
 C - a manual of Ice Magic
 G - a book of Geomancy

   Spells                             Type                      Level
   a - Sandblast                      Earth                        1
   b - Passwall                       Transmutation/Earth          2
   c - Stone Arrow                    Conjuration/Earth            3
   d - Petrify                        Transmutation/Earth          4
   e - Lee's Rapid Deconstruction     Earth                        5
Comestibles
 b - 10 fruits
 f - 7 bread rations
 p - 4 royal jellies
 H - 8 chunks of flesh


   Skills:
 + Level 12.5 Fighting
 + Level 11.4 Polearms
 + Level 11.4 Armour
 + Level 11.5 Shields
 + Level 10.3 Invocations
 + Level 7.2 Evocations


You had 12 spell levels left.
You didn't know any spells.

Dungeon Overview and Level Annotations

Branches:
Dungeon (10/15)            Temple (1/1) D:7            Lair (4/6) D:10
 Shoals (0/4) Lair:2       Spider (0/4) Lair:2          Orc (0/2) D:9

Altars:
Ashenzari
Cheibriados
Dithmenos
Elyvilon
Fedhas
Gozag
Hepliaklqana
Kikubaaqudgha
Makhleb
Nemelex Xobeh
Okawaru
Qazlal
Ru
Sif Muna
Trog
Uskayaw
Vehumet
Xom
Yredelemnul
Zin
The Shining One

Shops:
D:5 *


Innate Abilities, Weirdness & Mutations

You have large cloven feet.
You are partially covered in slimy green scales. (AC +2)
You tend to lose your temper in combat.
Scrolls take you a little longer to read.
You are weak. (Str -2)


Message History

The killer bee barely misses you. x2; You block the killer bee's attack.
The killer bee closely misses you.
You feel sick.
The killer bee stings you but does no damage.
You block the killer bee's attack.
You hear an angry buzzing noise.
You feel sick.
The killer bee stings you but does no damage.
You hear a blaring wail to the northwest.
You block the killer bee's attack.
You hear an angry buzzing noise. x5
You feel sick. The killer bee stings you!
* * * LOW HITPOINT WARNING * * *
The killer bee stings you!
* * * LOW HITPOINT WARNING * * *
The killer bee stings you.
* * * LOW HITPOINT WARNING * * *
You are more poisoned.
The killer bee poisons you!
You die...

,,,,,,,+..†.#..........#.........
*,,,,,,**#............#..........
*,,,,,,,*##.#y..........#........
*,,,,,,,**#.y#........#..........
+,,,,,,,,*#yy...........#......÷.
,,,,,,,,**#..+yy.................
*,,,,,,** ####.yy................
*,+***** #..........##........
,,,,* ##..@.....###........
**,,** #PP.#.+### ##.#...##
**,,,** ###....# #.#....#P
**,,*,* ####+#..# ##........
,,,,,,** #.......####.........
,,,,,,,* *#........#P#[........
,,,,,,,* *.........#..'........
,,,,,,******#.......#y..#........
,,,,,,,,,,*##.......+..##........


You could see a queen bee and 6 killer bees.

Vanquished Creatures
  Gastronok (Lair:1)
  The ghost of matthes123 the Fencer, a journeyman MiFi of Okawaru (IceCv)
  A centaur warrior (D:8)
  A two-headed ogre (D:9)
  Pikel (D:4)
  A necromancer (IceCv)
  An orc sorcerer (Volcano)
  2 ugly things (Volcano)
  3 black mambas
  Joseph (Lair:1)
  An ice statue (IceCv)
  A smoke demon (Volcano)
  4 spiny frogs
  A rime drake (Lair:4)
  10 freezing wraiths (IceCv)
  5 komodo dragons
  A red devil (Volcano)
  A troll (D:9)
  6 polar bears (Lair:2)
  Grinder (D:6)
  A snapping turtle (Lair:2)
  4 hippogriffs
  3 redbacks (Lair:2)
  22 yaks
  Eustachio (D:5)
  Edmund (D:4)
  2 hungry ghosts
  Menkaure (D:5)
  A death yak simulacrum (IceCv)
  6 porcupines
  Duvessa (D:5)
  A hell hound (Volcano)
  6 water moccasins
  7 ice beasts
  2 sky beasts
  8 black bears
  6 orc warriors
  A hornet zombie (D:8)
  2 phantoms
  An alligator simulacrum (IceCv)
  10 ogres
  4 centaurs
  7 big kobolds (D:9)
  6 crocodiles
  An elf zombie (D:8)
  13 bullfrogs
  3 gnoll sergeants
  A scorpion (D:10)
  Dowan (D:5)
  11 killer bees
  15 wights
  6 electric eels (D:10)
  3 howler monkeys
  A bullfrog zombie (D:10)
  4 crimson imps
  5 draconian simulacra (IceCv)
  3 human zombies (D:8)
  3 jellies
  6 hounds
  2 bullfrog skeletons
  2 centaur skeletons
  4 orc priests
  18 orc wizards
  Crazy Yiuf (D:5)
  2 gnoll shamans (D:6)
  A human skeleton (D:8)
  8 iguanas
  8 worker ants
  Ijyb (D:5)
  Natasha (thrice) (D:2)
  2 polar bear simulacra (IceCv)
  6 troll simulacra (IceCv)
  A killer bee zombie (D:5)
  4 centaur simulacra (IceCv)
  A hound skeleton (D:10)
  3 mummies (D:8)
  A howler monkey zombie (D:6)
  A worker ant zombie (D:7)
  20 adders
  21 gnolls
  A howler monkey skeleton (D:5)
  An ogre simulacrum (IceCv)
  4 naga simulacra (IceCv)
  A river rat (D:3)
  3 shadow imps (D:10)
  23 white imps
  An adder zombie (D:5)
  3 worms
  3 dart slugs
  8 leopard geckos
  33 orcs
  9 giant cockroaches
  5 goblins
  16 hobgoblins
  15 jackals
  16 kobolds
  4 quokkas
  5 ball pythons
  8 bats
  6 frilled lizards
  A jackal zombie (D:6)
  An orc zombie (D:8)
  6 rats
  9 plants
516 creatures vanquished.

Vanquished Creatures (others)
  An orc wizard (D:4)
  An ooze (D:4)
  A worm (D:4)
  4 orcs
  A quokka (D:4)
  A fungus (Lair:3)
9 creatures vanquished.

Grand Total: 525 creatures vanquished

Notes
Turn   | Place    | Note
-------+----------+-------------------------------------------
     0 | D:1      | Mitsuki the Hill Orc Fighter began the quest for the Orb.
     0 | D:1      | Reached XP level 1. HP: 19/19 MP: 1/1
   256 | D:1      | Reached XP level 2. HP: 27/27 MP: 2/2
   718 | D:1      | Reached skill level 4 in Fighting
   920 | D:1      | Reached XP level 3. HP: 30/33 MP: 3/3
  1566 | D:2      | Found a shattered altar of Ashenzari.
  1567 | D:2      | Found a white marble altar of Elyvilon.
  1740 | D:2      | Noticed Natasha
  1753 | D:2      | Killed Natasha
  1753 | D:2      | Reached XP level 4. HP: 14/41 MP: 4/4
  1808 | D:2      | Noticed Natasha
  1819 | D:2      | Killed Natasha
  1828 | D:2      | Noticed Natasha
  1835 | D:2      | Killed Natasha
  2095 | D:2      | Reached XP level 5. HP: 47/47 MP: 5/5
  3157 | D:3      | Reached skill level 5 in Fighting
  3875 | D:4      | Reached XP level 6. HP: 8/56 MP: 6/6
  4448 | D:4      | Reached skill level 5 in Armour
  4910 | D:4      | Noticed a slave
  4911 | D:4      | Noticed Pikel
  4911 | D:4      | Noticed a slave
  4911 | D:4      | Noticed a slave
  4913 | D:4      | Noticed a slave
  4930 | D:4      | Killed Pikel
  4930 | D:4      | Reached skill level 6 in Fighting
  4930 | D:4      | Reached skill level 5 in Polearms
  4930 | D:4      | Reached skill level 5 in Shields
  4930 | D:4      | Reached XP level 7. HP: 9/64 MP: 7/7
  5083 | D:4      | Reached XP level 8. HP: 44/71 MP: 8/8
  5263 | D:4      | Noticed Edmund
  5296 | D:4      | Killed Edmund
  6164 | D:5      | Entered Level 5 of the Dungeon
  6239 | D:5      | Noticed Ijyb
  6372 | D:5      | Noticed Menkaure
  6381 | D:5      | Killed Menkaure
  6381 | D:5      | Reached skill level 7 in Fighting
  6384 | D:5      | Killed Ijyb
  6608 | D:5      | Found a deep blue altar of Sif Muna.
  6840 | D:5      | Found a burning altar of Makhleb.
  6969 | D:5      | Noticed Eustachio
  7023 | D:5      | Killed Eustachio
  7078 | D:5      | Noticed Dowan
  7089 | D:5      | Killed Dowan
  7089 | D:5      | Reached XP level 9. HP: 74/80 MP: 9/9
  7116 | D:5      | Noticed Duvessa
  7145 | D:5      | Killed Duvessa
  7439 | D:5      | Found a runed door.
  7627 | D:5      | Found Ruvuwk's Assorted Antiques.
  7775 | D:5      | Noticed Crazy Yiuf
  7780 | D:5      | Killed Crazy Yiuf
  7780 | D:5      | Reached skill level 8 in Fighting
  8239 | D:6      | Noticed Grinder
  8239 | D:6      | Paralysed by Grinder for 5 turns
  8262 | D:6      | Paralysed by Grinder for 7 turns
  8270 | D:6      | Killed Grinder
  9010 | D:6      | Reached skill level 9 in Fighting
  9564 | D:7      | Found a staircase to the Ecumenical Temple.
  9590 | D:7      | Reached XP level 10. HP: 85/91 MP: 10/10
  9610 | Temple   | Entered the Ecumenical Temple
  9652 | Temple   | Became a worshipper of Warmaster Okawaru
  9695 | D:7      | Reached skill level 1 in Invocations
  9742 | D:7      | Found a stormy altar of Qazlal.
  9745 | D:7      | Reached skill level 1 in Evocations
  9791 | D:7      | Found a glowing golden altar of the Shining One.
  9794 | D:7      | Found a basalt altar of Yredelemnul.
  9797 | D:7      | Found a shimmering altar of Xom.
 10945 | D:8      | Noticed a two-headed ogre
 11011 | D:8      | Reached * piety under Okawaru
 11308 | D:8      | Found a glowing silver altar of Zin.
 11327 | D:8      | Noticed a centaur warrior
 11349 | D:8      | Killed a centaur warrior
 11768 | D:8      | HP: 4/93 [komodo dragon (3)]
 12290 | D:8      | Reached skill level 10 in Fighting
 12342 | D:8      | Reached ** piety under Okawaru
 12408 | D:8      | Found a basalt altar of Yredelemnul.
 12532 | D:9      | Got a jewelled short sword
 12645 | D:9      | Killed a two-headed ogre
 12645 | D:9      | Reached XP level 11. HP: 25/100 MP: 11/14
 13135 | D:9      | Reached skill level 5 in Invocations
 13456 | D:9      | Reached *** piety under Okawaru
 13594 | D:9      | Found an opulent altar of Gozag.
 13893 | D:9      | Found a glowing golden altar of the Shining One.
 14578 | D:9      | Reached **** piety under Okawaru
 14592 | D:9      | Reached skill level 10 in Armour
 14813 | D:9      | Found a staircase to the Orcish Mines.
 15125 | D:10     | Entered Level 10 of the Dungeon
 16593 | D:10     | Reached ***** piety under Okawaru
 16744 | D:10     | Found a staircase to the Lair.
 17326 | D:10     | Reached skill level 11 in Fighting
 17329 | D:10     | Gained mutation: You are weak. (Str -2) [mutagenic meat]
 17330 | D:10     | Gained mutation: You are partially covered in slimy green scales. (AC +2) [mutagenic meat]
 17331 | D:10     | Gained mutation: You tend to lose your temper in combat. [mutagenic meat]
 17332 | D:10     | Gained mutation: You have large cloven feet. [mutagenic meat]
 17333 | D:10     | Gained mutation: Scrolls take you a little longer to read. [mutagenic meat]
 17556 | D:10     | Reached skill level 10 in Shields
 18043 | D:10     | Reached XP level 12. HP: 91/110 MP: 17/17
 18443 | Lair:1   | Entered Level 1 of the Lair of Beasts
 18519 | Lair:1   | Found a dark tunnel.
 18524 | Volcano  | Entered a volcano
 18563 | Volcano  | Reached skill level 10 in Polearms
 19163 | Volcano  | Paralysed by an orc sorcerer for 5 turns
 19178 | Volcano  | Reached skill level 5 in Evocations
 19318 | Lair:1   | Noticed Gastronok
 19339 | Lair:1   | Killed Gastronok
 19339 | Lair:1   | Received a gift from Okawaru
 20120 | Lair:1   | Noticed Joseph
 20159 | Lair:1   | Killed Joseph
 21682 | Lair:2   | Found a hole to the Spider Nest.
 22120 | Lair:2   | Received a gift from Okawaru
 22120 | Lair:2   | Reached XP level 13. HP: 113/117 MP: 18/20
 22330 | Lair:2   | Reached skill level 12 in Fighting
 22516 | Lair:2   | Found a staircase to the Shoals.
 22687 | Lair:2   | You fall through a shaft for 2 floors!
 22769 | Lair:3   | Found a frozen archway.
 22813 | IceCv    | Entered an ice cave
 23558 | IceCv    | Reached skill level 10 in Invocations
 24134 | IceCv    | Found an ancient bone altar of Kikubaaqudgha.
 24134 | IceCv    | Noticed matthes123's ghost (journeyman MiFi)
 24741 | IceCv    | Killed matthes123's ghost
 26421 | Lair:3   | HP: 4/119 [killer bee (9)]
 26421 | Lair:3   | HP: 1/119 [killer bee (3)]
 26422 | Lair:3   | Succumbed to a killer bee's poison

Skill      XL: |  1  2  3  4  5  6  7  8  9 10 11 12 13 |
---------------+----------------------------------------+-----
Fighting       | 4 5 6 7 9 10 11 12 | 12.5
Shields        | 4 5 6 8 9 10 11 | 11.5
Armour         | 4 5 7 8 9 10 11 | 11.4
Polearms       | 3 5 6 7 8 9 10 11 | 11.4
Invocations    | 4 7 9 10 | 10.3
Evocations     | 3 4 6 7 |  7.2

Action                   |  1- 3 |  4- 6 |  7- 9 | 10-12 | 13-15 || total
-------------------------+-------+-------+-------+-------+-------++-------
Melee: Trident           |   136 |   301 |   642 |  1576 |   468 ||  3123
       Kick              |       |       |       |    15 |       ||    15
Invok: Heroism           |       |       |       |    10 |     7 ||    17
       Finesse           |       |       |       |     3 |     4 ||     7
Evoke: Wand              |       |       |       |     3 |       ||     3
  Use: Potion            |       |     2 |     2 |     3 |     3 ||    10
       Scroll            |       |     3 |       |    26 |     2 ||    31
  Eat: Chunk             |     2 |    12 |    11 |    33 |     8 ||    66
       Meat ration       |       |       |     1 |     2 |       ||     3
       Royal jelly       |       |       |       |     4 |     3 ||     7
Armor: Scale mail        |    46 |   121 |     5 |       |       ||   172
       Chain mail        |       |       |   162 |   497 |   310 ||   969
Dodge: Dodged            |    28 |    96 |    83 |   256 |   165 ||   628
       Deflected         |       |       |     2 |    10 |     7 ||    19
Block: Shield            |    37 |   156 |   260 |   628 |   288 ||  1369
